 Dungeon Crawl Stone Soup version 0.29.1-15-g9cfb28693d (webtiles) character file.

Game seed: 6263531546353346984

6990 Gumption the Cleaver (level 10, 0/139 HPs)
             Began as a Minotaur Berserker on Feb 26, 2023.
             Was an Elder of Trog.
             Shot with an arrow by a centaur warrior (8 damage)
             ... on level 9 of the Dungeon.
             The game lasted 01:17:08 (13275 turns).

Gumption the Cleaver (Minotaur Berserker)          Turns: 13275, Time: 01:17:08

Health: 0/139      AC: 15    Str: 25    XL:     10   Next: 81%
Magic:  9/9        EV:  7    Int:  6    God:    Trog [****..]
Gold:   438        SH:  5    Dex: 11    Spells: 9/9 levels left

rFire   . . .      SeeInvis .   a - +8 hand axe of Yredelemnul's Envy {venom, rPois Int+2}
rCold   . . .      Faith    .   y - +0 buckler
rNeg    . . .      Spirit   .   B - +0 plate armour
rPois   +          Reflect  .   (helmet restricted)
rElec   .          Harm     .   (no cloak)
rCorr   +          Rampage  .   (no gloves)
Will    ++...                   q - +0 pair of boots
Stlth   ..........              g - amulet of the acrobat
HPRegen 1.33/turn               j - ring of resist corrosion
MPRegen 0.11/turn               (no ring)

@: berserking, strong-willed, regenerating, very quick
A: horns 2, retaliatory headbutt
a: Renounce Religion, Berserk, Trog's Hand, Brothers in Arms


You were on level 9 of the Dungeon.
You worshipped Trog.
Trog was greatly pleased with you.
You visited 2 branches of the dungeon, and saw 10 of its levels.

You collected 528 gold pieces.
You spent 90 gold pieces at shops.

Inventory:

Hand Weapons
 a - the +8 hand axe of Yredelemnul's Envy (weapon) {venom, rPois Int+2}
   (You found it on level 8 of the Dungeon)

   It poisons the flesh of those it strikes.
   Int:       It affects your intelligence (+2).
   rPois:     It protects you from poison.
 b - a +1 sling of flaming
 o - a +0 hand axe
 H - a +1 war axe
Missiles
 k - 81 stones
 l - 15 boomerangs (quivered)
 C - 2 throwing nets
Armour
 q - a +0 pair of boots (worn)
 y - a +0 buckler (worn)
 B - a +0 plate armour (worn)
Jewellery
 g - an amulet of the acrobat (around neck)
 j - a ring of resist corrosion (left hand)
 E - a ring of fire
Wands
 m - a wand of iceblast (24)
 s - a wand of charming (10)
 J - a wand of flame (13)
Scrolls
 e - a scroll of fog
 f - a scroll of acquirement {unknown}
 n - a scroll of vulnerability {unknown}
 p - 2 scrolls of enchant weapon
 r - 2 scrolls of identify
 u - a scroll of immolation
 z - 2 scrolls of teleportation
 A - a scroll of magic mapping
 F - a scroll of noise {unknown}
Potions
 c - 2 potions of invisibility {unknown}
 d - a potion of haste
 h - 7 potions of mutation
 i - 8 potions of curing
 t - 3 potions of brilliance {unknown}
 v - a potion of heal wounds {unknown}
 w - a potion of resistance {unknown}
 x - a potion of magic {unknown}
 D - 2 potions of ambrosia {unknown}
 G - a potion of attraction {unknown}
 I - a potion of lignification {unknown}


   Skills:
 + Level 9.9 Fighting
 * Level 13.4 Axes
 + Level 9.5 Armour
 - Level 2.1 Dodging
 + Level 7.4 Shields


You had 9 spell levels left.
You didn't know any spells.
Your spell library was empty.

Dungeon Overview and Level Annotations

Branches:
Dungeon (9/15)             Temple (1/1) D:5
   Lair: D:8-11         Orc: D:9-12

Altars:
Ashenzari
Cheibriados
Elyvilon
Fedhas
Gozag
Hepliaklqana
Kikubaaqudgha
Makhleb
Nemelex Xobeh
Okawaru
Qazlal
Ru
Sif Muna
Trog
Uskayaw
Vehumet
Wu Jian
Xom
Zin
The Shining One

Shops:
D:3 :(   D:4 [   D:7 ?

Annotations:
D:7 1 runed translucent door, Eitelfritz's ghost, novice DsIE


Innate Abilities, Weirdness & Mutations

You have a pair of horns on your head.
You reflexively headbutt those who attack you in melee.


Message History

The arrow hits the rakshasa!
The centaur warrior shoots an arrow.
The arrow completely misses you. The rakshasa gestures at you.
The lance of force misses you.
You slash the rakshasa!
The rakshasa is poisoned.
You headbutt the rakshasa, but do no damage.
The rakshasa is moderately wounded.
The centaur warrior shoots an arrow.
You block the arrow.
The rakshasa hits you with a +0 trident!
You barely miss the rakshasa. You headbutt the rakshasa.
The rakshasa is moderately wounded.
The centaur warrior shoots an arrow.
The arrow hits you!
You hit the rakshasa. You headbutt the rakshasa.
The rakshasa is heavily wounded.
The centaur warrior shoots an arrow.
The arrow hits you. The rakshasa closely misses you.
You hit the rakshasa but do no damage.
The rakshasa looks as sick as possible!
Your headbutt misses the rakshasa.
The rakshasa is heavily wounded.
The centaur warrior shoots an arrow.
The arrow hits you!
The rakshasa hits you with a +0 trident!
You closely miss the rakshasa. Your headbutt misses the rakshasa.
The rakshasa is heavily wounded.
The centaur warrior shoots an arrow.
The arrow hits you!
Your skin crawls.
You feel strong-willed.
The centaur warrior shoots an arrow.
The arrow barely misses you.
The injured rakshasa weaves a defensive illusion!
The centaur warrior shoots an arrow.
The arrow hits you!!
* * * LOW HITPOINT WARNING * * *
A red film seems to cover your vision as you go berserk!
You feel yourself moving faster!
You feel mighty! The rakshasa misses you.
The rakshasa hits you but does no damage.
The rakshasa hits you from afar with a +0 trident.
* * * LOW HITPOINT WARNING * * *
The rakshasa hits you with a +0 trident!
* * * LOW HITPOINT WARNING * * *
The rakshasa hits you but does no damage.
The centaur warrior shoots an arrow.
The arrow hits you!
You die...

c..# ####
...######...
..##........
########c##########.
##...##.....##.. #..
#$....#.....#.. ###
#/....'..8..'.. ###
#(RR..#.....#. #..
##.R@##.....# #..
######.....#######..
#..............
####..#.##.....
##..###.#..... #..##
##....#.
#.##.###.#####. #.
##.#..# #. # ##.#.#
#.


You could see 3 rakshasas and a centaur warrior.

Vanquished Creatures
  Pikel (D:5)
  A hornet (D:9)
  9 yaks (D:8)
  A wyvern (D:7)
  3 steam dragons
  Edmund (D:5)
  A water moccasin (D:8)
  4 orc warriors
  2 ice beasts
  A sky beast (D:6)
  2 black bears
  4 ogres
  A centaur (D:9)
  A phantom (D:6)
  2 kobold brigands
  A gnoll sergeant (D:9)
  4 scorpions
  3 bullfrogs
  9 wights
  17 killer bees
  4 howler monkeys
  A crimson imp (D:4)
  2 hounds (D:5)
  A jelly (D:3)
  A gnoll bouda (D:7)
  4 orc priests
  Ijyb (D:5)
  Terence (D:3)
  4 iguanas
  9 orc wizards
  10 gnolls
  10 adders
  2 white imps
  3 ufetubi
  2 worms
  2 dart slugs
  23 orcs
  5 bats
  10 endoplasms
  3 giant cockroaches
  10 goblins
  8 hobgoblins
  5 jackals
  13 kobolds
  8 quokkas
  8 ball pythons
  6 frilled lizards
  6 rats
230 creatures vanquished.

Vanquished Creatures (others)
  7 fungi (D:5)
  16 plants (D:5)
23 creatures vanquished.

Grand Total: 253 creatures vanquished

Notes
Turn   | Place    | Note
-------+----------+-------------------------------------------
     0 | D:1      | Gumption the Minotaur Berserker began the quest for the
                  | Orb.
     0 | D:1      | Reached XP level 1. HP: 19/19 MP: 0/0
   321 | D:1      | Reached skill level 4 in Axes
   325 | D:1      | Reached XP level 2. HP: 18/27 MP: 1/1
  1088 | D:1      | Found a faded altar of an unknown god.
  1204 | D:1      | Reached XP level 3. HP: 33/33 MP: 2/2
  2133 | D:2      | Reached ** piety under Trog
  2965 | D:1      | Reached skill level 5 in Axes
  3314 | D:3      | Reached XP level 4. HP: 35/40 MP: 3/3
  3372 | D:3      | Found Zin's Purification Station.
  3375 | D:3      | Found a glowing silver altar of Zin.
  3378 | D:3      | Bought a potion of curing for 90 gold pieces
  3501 | D:3      | Noticed Terence
  3514 | D:3      | Killed Terence
  3653 | D:3      | Found Lyedaoly's Book Emporium.
  3819 | D:3      | Reached XP level 5. HP: 39/47 MP: 4/4
  3902 | D:3      | Found Hatzad's Antique Weapon Boutique.
  4496 | D:4      | Found Weyll's Armour Boutique.
  4508 | D:4      | Found a burning altar of Makhleb.
  4508 | D:4      | Found a radiant altar of Vehumet.
  4527 | D:4      | Reached skill level 6 in Axes
  4735 | D:4      | Reached skill level 5 in Fighting
  4735 | D:4      | Reached XP level 6. HP: 37/56 MP: 5/5
  4930 | D:4      | HP: 1/56 [ogre/+0 giant club (24)]
  5651 | D:5      | Entered Level 5 of the Dungeon
  5797 | D:5      | Found a blossoming altar of Fedhas.
  5827 | D:5      | Reached skill level 7 in Axes
  6003 | D:5      | Reached XP level 7. HP: 26/62 MP: 6/6
  6087 | D:5      | Reached skill level 5 in Armour
  6217 | D:5      | Noticed Edmund
  6218 | D:5      | Noticed a steam dragon
  6480 | D:5      | Found a staircase to the Ecumenical Temple.
  6483 | D:5      | Killed Edmund
  6493 | Temple   | Entered the Ecumenical Temple
  6793 | D:5      | Reached skill level 8 in Axes
  6874 | D:5      | Found a shimmering altar of Xom.
  6899 | D:5      | Found a hazy altar of Hepliaklqana.
  7332 | D:5      | Noticed Ijyb
  7351 | D:5      | Killed Ijyb
  7378 | D:5      | Reached XP level 8. HP: 56/71 MP: 7/7
  7503 | D:5      | Reached skill level 9 in Axes
  7560 | D:5      | Noticed Pikel
  7749 | D:5      | Killed Pikel
  7750 | D:5      | Reached skill level 10 in Axes
  7874 | D:5      | Found a white marble altar of Elyvilon.
  8102 | D:5      | Reached skill level 1 in Shields
  8123 | D:6      | Identified the +7 falchion of the Hidden Friends {vorpal,
                  | rC+ rN+ Int-3}
  8446 | D:6      | Found a bloodstained altar of Trog.
  8463 | D:6      | Reached XP level 9. HP: 25/80 MP: 8/8
  8463 | D:6      | Reached *** piety under Trog
  9770 | D:7      | Reached skill level 11 in Axes
 10076 | D:7      | Found a sacrificial altar of Ru.
 10133 | D:7      | Reached skill level 5 in Shields
 10133 | D:7      | Reached **** piety under Trog
 10408 | D:7      | Found a snail-covered altar of Cheibriados.
 10527 | D:7      | Found a runed translucent door.
 10528 | D:7      | Noticed Eitelfritz's ghost (novice DsIE)
 11080 | D:7      | Found Aklan's Magic Scroll Shoppe.
 11325 | D:8      | Reached skill level 12 in Axes
 11325 | D:8      | Reached XP level 10. HP: 90/90 MP: 9/9
 12062 | D:8      | Identified the +8 hand axe of Yredelemnul's Envy {venom,
                  | rPois Int+2}
 12327 | D:9      | Reached skill level 13 in Axes
 13264 | D:9      | Noticed a centaur warrior
 13264 | D:9      | Noticed a rakshasa
 13275 | D:9      | Shot with an arrow by a centaur warrior

Illustrated notes

Levels and vault maps discovered:
D:1:      dpeg_arrival_tiny_i, layout_basic, basic_ecumenical_altar
D:2:      layout_loops_cross, serial_bayou_lake_a
D:3:      layout_basic, zin_purify, serial_shops, nicolae_shop_hallway_plus,
          nicolae_shop_waterfront, kennysheep_cross_room, uniq_terence
D:4:      layout_cave_pods, grunt_temple_overflow_lords_of_destruction,
          serial_shops, shop
D:5:      layout_rooms, fedhas_altar_3, lemuel_coloured_pillars_altar,
          nicolae_elyvilon_temple_path, kennysheep_mini,
          minmay_temple_entry_trees, uniq_edmund, uniq_ijyb, uniq_pikel
D:6:      layout_loops_cross, mainiacjoe_overflow_boulevard
D:7:      layout_loops_ring, mainiacjoe_overflow_alcove_1,
          overflow_temple_1_default, serial_shops, shop,
          ebering_ghost_inner_flame, grunt_ogre_cave, grunt_ministairs_1,
          columned_hall_lemuel, nicolae_underground_beach
D:8:      layout_loops_ring
D:9:      layout_loops_ring, orc_0_dummy, minmay_three_doors
Temple:   compressed_dpeg_circular_temple

Skill      XL: |  1  2  3  4  5  6  7  8  9 10 |
---------------+-------------------------------+-----
Axes           | 4 5 6 7 8 10 12 13 | 13.4
Fighting       | 4 5 6 7 8 9 |  9.9
Armour         | 3 4 5 7 8 9 |  9.5
Shields        | 2 5 7 |  7.4
Dodging        | |  2.1

Action                   |  1- 3 |  4- 6 |  7- 9 | 10-12 || total
-------------------------+-------+-------+-------+-------++-------
Melee: Hand axe          |   145 |    18 |       |    97 ||   260
       Headbutt          |    15 |    13 |    44 |    30 ||   102
       War axe           |       |    85 |   238 |    76 ||   399
       Punch             |       |     1 |     2 |       ||     3
 Fire: Sling             |       |       |     4 |       ||     4
Throw: Boomerang         |       |     4 |    17 |       ||    21
Invok: Berserk           |     1 |     2 |     3 |     1 ||     7
       Trog's Hand       |     1 |     2 |     1 |     2 ||     6
  Use: Scroll            |       |       |     7 |       ||     7
 Stab: Sleeping          |     1 |       |       |       ||     1
Armor: Leather armour    |    33 |       |       |       ||    33
       Animal skin       |     2 |       |       |       ||     2
       Chain mail        |       |    48 |    73 |       ||   121
       Plate armour      |       |       |    37 |    71 ||   108
Dodge: Dodged            |    77 |    39 |    77 |    76 ||   269
Block: Buckler           |       |       |    22 |    38 ||    60
